 Dungeon Crawl Stone Soup version 0.29.1-15-g9cfb28693d (webtiles) character file.

Game seed: 11948467625930408646

575 BuddhaDhamma the Cleaver (level 7, -14/57 HPs)
             Began as a Minotaur Berserker on Mar 1, 2023.
             Was a Priest of Trog.
             Killed by divine providence
             ... invoked by an orc priest
              (15 damage)
             ... on level 4 of the Dungeon.
             The game lasted 00:07:41 (3320 turns).

BuddhaDhamma the Cleaver (Minotaur Berserker)       Turns: 3320, Time: 00:07:41

Health: -14/57     AC: 13    Str: 23    XL:     7   Next: 12%
Magic:  6/6        EV:  8    Int:  4    God:    Trog [***...]
Gold:   163        SH:  0    Dex: 10    Spells: 6/6 levels left

rFire   . . .      SeeInvis .   h - +1 war axe (vamp)
rCold   . . .      Faith    .   (no shield)
rNeg    . . .      Spirit   .   f - +0 chain mail
rPois   .          Reflect  .   (helmet restricted)
rElec   .          Harm     .   (no cloak)
rCorr   .          Rampage  .   (no gloves)
Will    .....                   s - +0 pair of boots
Stlth   ..........              (no amulet)
HPRegen 0.19/turn               o - +4 ring of protection
MPRegen 0.10/turn               (no ring)

@: lethally poisoned (-14 -> -20), on berserk cooldown, slowed, very slow
A: horns 2, retaliatory headbutt
a: Renounce Religion, Berserk, Trog's Hand


You were on level 4 of the Dungeon.
You worshipped Trog.
Trog was most pleased with you.
You visited 1 branch of the dungeon, and saw 4 of its levels.

You collected 163 gold pieces.

Inventory:

Hand Weapons
 h - a +1 vampiric war axe (weapon)
Missiles
 i - 9 curare-tipped darts (quivered)
Armour
 f - a +0 chain mail (worn)
 s - a +0 pair of boots (worn)
Jewellery
 o - a +4 ring of protection (left hand)
Wands
 u - a wand of roots (9)
Scrolls
 b - a scroll of butterflies
 g - 2 scrolls of teleportation
 n - a scroll of noise {unknown}
 p - a scroll of magic mapping {unknown}
Potions
 a - 2 potions of berserk rage
 c - a potion of heal wounds
 d - 3 potions of brilliance
 e - a potion of invisibility {unknown}
 j - 3 potions of might
 k - a potion of resistance {unknown}
 l - a potion of mutation {unknown}
 m - a potion of ambrosia {unknown}
 q - a potion of lignification {unknown}


   Skills:
 - Level 3.6 Fighting
 + Level 9.9 Axes
 - Level 2.4 Armour
 - Level 2.1 Dodging


You had 6 spell levels left.
You didn't know any spells.
Your spell library was empty.

Dungeon Overview and Level Annotations

Branches:
Dungeon (4/15)
 Temple: D:4-7

Altars:
Elyvilon


Innate Abilities, Weirdness & Mutations

You have a pair of horns on your head.
You reflexively headbutt those who attack you in melee.


Message History

You are lethally poisoned!
You feel yourself slow down.
You see here a hound corpse.
The hornet attacks as you move away! The hornet barely misses you.
You feel a strong urge to attack something.
You feel yourself speed up.
* * * LOW HITPOINT WARNING * * *
You feel very sick. The orc priest closely misses you.
You slash the hornet!
You kill the hornet!
Trog accepts your kill.
You barely miss the orc priest. You hit the orc wizard.
You feel better.
* * * LOW HITPOINT WARNING * * *
You feel very sick.
Your Axes skill increases to level 9!
You have reached level 7!
You are too berserk!
You slash the orc wizard!
You feel better.
You kill the orc wizard!
Trog accepts your kill.
Trog appreciates your killing of a magic user.
You slash the orc!
You feel better.
You kill the orc!
Trog accepts your kill.
* * * LOW HITPOINT WARNING * * *
You feel sick.
The orc priest begins to cast a cantrip, but forgets the words!
You are no longer berserk.
You are exhausted.
You feel yourself slow down.
* * * LOW HITPOINT WARNING * * *
You feel sick.
Things that are here:
a +0 dagger; a +0 robe; an orc corpse
* * * LOW HITPOINT WARNING * * *
You feel very sick.
The orc priest mumbles some strange prayers to Beogh against you.
Beogh smites you!
You die...

#..†.......#
#..........#
#..........#
#..........#
#..........#
#..........# .
###..........#
...##.###.o......#
....(..o')@......#
........#.)......#
.r......#........#
........#..........#
.......o#........#.#
...##...#......###+#
... #..o###+##+# ..
..oo. ......


You could see 2 orc priests.

Vanquished Creatures
  A hornet (D:4)
  A phantom (D:4)
  A necrophage (D:3)
  2 hounds (D:4)
  Terence (D:2)
  An orc wizard (D:4)
  5 adders
  A worm (D:2)
  A dart slug (D:2)
  An orc (D:4)
  8 bats
  7 endoplasms
  2 giant cockroaches
  5 goblins
  10 hobgoblins
  4 jackals (D:1)
  8 kobolds
  4 quokkas
  6 ball pythons
  5 frilled lizards
  6 rats
80 creatures vanquished.

Notes
Turn   | Place    | Note
-------+----------+-------------------------------------------
     0 | D:1      | BuddhaDhamma the Minotaur Berserker began the quest for the
                  | Orb.
     0 | D:1      | Reached XP level 1. HP: 19/19 MP: 0/0
   299 | D:1      | Reached skill level 4 in Axes
   466 | D:1      | Reached XP level 2. HP: 24/26 MP: 1/1
  1149 | D:1      | Reached skill level 5 in Axes
  1225 | D:1      | Reached XP level 3. HP: 23/31 MP: 2/2
  1643 | D:2      | Reached ** piety under Trog
  1834 | D:2      | Noticed Terence
  1838 | D:2      | Killed Terence
  1839 | D:2      | Reached skill level 6 in Axes
  1839 | D:2      | Reached XP level 4. HP: 39/39 MP: 3/3
  2431 | D:3      | Found a white marble altar of Elyvilon.
  2476 | D:3      | Found a faded altar of an unknown god.
  2585 | D:3      | Noticed a necrophage
  2596 | D:3      | Killed a necrophage
  2597 | D:3      | Reached skill level 7 in Axes
  2597 | D:3      | Reached XP level 5. HP: 40/45 MP: 4/4
  3275 | D:4      | Reached skill level 8 in Axes
  3296 | D:4      | Noticed a hornet
  3296 | D:4      | Noticed a phantom
  3306 | D:4      | Reached XP level 6. HP: 51/51 MP: 5/5
  3317 | D:4      | Killed a hornet
  3318 | D:4      | Reached skill level 9 in Axes
  3318 | D:4      | Reached XP level 7. HP: 9/57 MP: 6/6
  3318 | D:4      | Reached *** piety under Trog
  3320 | D:4      | HP: 1/57 [poisoned by a hornet]
  3320 | D:4      | Killed from afar by an orc priest

Illustrated notes

Levels and vault maps discovered:
D:1:      grunt_arrival_lava_bath, layout_loops_corners
D:2:      layout_basic, reono_crystal_passage, st_stairs_2,
          minmay_indecisive_spiral, uniq_terence
D:3:      kennysheep_six_static_rooms, layout_loops_ring, elyvilon_altar_5,
          shapermc_ecumenical_altar_venn
D:4:      layout_gridville, lemuel_doored_altar, minmay_temple_entry_junction,
          chequers_serial_rivers_room_b, uniq_sigmund

Skill      XL: |  1  2  3  4  5  6 |
---------------+-------------------+-----
Axes           | 4 5 6 7 8 9 |  9.9
Fighting       | |  3.6
Armour         | |  2.4
Dodging        | |  2.1

Action                   |  1- 3 |  4- 6 |  7- 9 || total
-------------------------+-------+-------+-------++-------
Melee: Hand axe          |    51 |       |       ||    51
       Headbutt          |     9 |     8 |       ||    17
       War axe           |    40 |    78 |     1 ||   119
Throw: Dart              |     7 |     7 |       ||    14
Invok: Berserk           |       |     1 |       ||     1
  Use: Scroll            |       |    12 |       ||    12
Armor: Animal skin       |     2 |       |       ||     2
       Leather armour    |    22 |     7 |       ||    29
       Chain mail        |       |    38 |       ||    38
Dodge: Dodged            |    47 |    54 |       ||   101
